PIO (24 & UNDER)
SALEM SLEDGEHAMMERS @ EAU CLAIRE ESQUIRES
09/07/2025
 
TOP OF THE 1ST
Salem Sledgehammers batting - Pitching for Eau Claire Esquires : RHP Arthur López
Pitching: RHP Arthur López
Batting: RHB José García 0-0: Ball
1-0: Ball
2-0: Called Strike
2-1: Ball
3-1: Foul Ball, location: 2F
3-2: Strikes out swinging
Batting: SHB Enrique Uribe 0-0: Called Strike
0-1: Called Strike
0-2: Ball
1-2: Ball
2-2: Foul Ball, location: 2F
2-2: Strikes out swinging
Batting: RHB Terry Perkins 0-0: Ball
1-0: Foul Ball, location: 2F
1-1: Ball
2-1: Foul Ball, location: 2F
2-2: Ball
3-2: Base on Balls
Batting: LHB Nathan Frey 0-0: Called Strike
0-1: Swinging Strike
0-2: Strikes out swinging
Top of the 1st over - 0 run(s), 0 hit(s), 0 error(s), 1 left on base; Salem 0 - Eau Claire 0
BOTTOM OF THE 1ST
Eau Claire Esquires batting - Pitching for Salem Sledgehammers : LHP Miguel Galván
Pitching: LHP Miguel Galván
Batting: RHB Nelson Castro 0-0: Swinging Strike
0-1: Foul Ball, location: 2F
0-2: Strikes out looking
Batting: RHB Jon Krohne 0-0: Ball
1-0: Called Strike
1-1: Swinging Strike
1-2: Strikes out swinging
Batting: RHB Félix Gonzáles 0-0: Fly out, F9 (Flyball, 9D)
Bottom of the 1st over - 0 run(s), 0 hit(s), 0 error(s), 0 left on base; Salem 0 - Eau Claire 0
TOP OF THE 2ND
Salem Sledgehammers batting - Pitching for Eau Claire Esquires : RHP Arthur López
Batting: RHB Robert Stevens 0-0: Foul Ball, location: 2F
0-1: Called Strike
0-2: Foul Ball, location: 2F
0-2: Ground out 6-3 (Groundball, 6)
Batting: LHB Caleb Hall 0-0: Ball
1-0: Ball
2-0: Foul Ball, location: 2F
2-1: Foul Ball, location: 2F
2-2: Fly out, F8 (Flyball, 8RM)
Batting: RHB Ryan Lyon 0-0: Ball
1-0: Called Strike
1-1: Swinging Strike
1-2: Strikes out swinging
Top of the 2nd over - 0 run(s), 0 hit(s), 0 error(s), 0 left on base; Salem 0 - Eau Claire 0
BOTTOM OF THE 2ND
Eau Claire Esquires batting - Pitching for Salem Sledgehammers : LHP Miguel Galván
Batting: SHB Manuel Hegnauer 0-0: Called Strike
0-1: Foul Ball, location: 2F
0-2: Ball
1-2: Strikes out looking
Batting: RHB Esteban Lara 0-0: Ball
1-0: Ball
2-0: Foul Ball, location: 2F
2-1: Foul Ball, location: 2F
2-2: Ball
3-2: Strikes out looking
Batting: SHB Jeff Chambers 0-0: Swinging Strike
0-1: Foul Ball, location: 2F
0-2: Ball
1-2: Ball
2-2: Strikes out swinging
Bottom of the 2nd over - 0 run(s), 0 hit(s), 0 error(s), 0 left on base; Salem 0 - Eau Claire 0
TOP OF THE 3RD
Salem Sledgehammers batting - Pitching for Eau Claire Esquires : RHP Arthur López
Batting: RHB Miguel González 0-0: Ball
1-0: Ball
2-0: Ball
3-0: Base on Balls
Batting: RHB José Vidal 0-0: Called Strike
0-1: Swinging Strike
0-2: Grounds into double play, 5-4-3 (Groundball, 56)
Batting: RHB José García 0-0: Ball
1-0: SINGLE (Line Drive, 4MD)
Batting: SHB Enrique Uribe 0-0: Foul Ball, location: 2F
0-1: Ball
1-1: Ball
2-1: Swinging Strike
2-2: Fly out, F8 (Flyball, 8LM)
Top of the 3rd over - 0 run(s), 1 hit(s), 0 error(s), 1 left on base; Salem 0 - Eau Claire 0
BOTTOM OF THE 3RD
Eau Claire Esquires batting - Pitching for Salem Sledgehammers : LHP Miguel Galván
Batting: LHB Miguel Arteaga 0-0: Called Strike
0-1: Ball
1-1: Ball
2-1: Ground out 3-1 (Groundball, 34S)
Batting: LHB Pedro Díaz 0-0: Ball
1-0: Called Strike
1-1: Ball
2-1: Foul Ball, location: 2F
2-2: Foul Ball, location: 2F
2-2: Strikes out swinging
Batting: RHB Luis Pérez 0-0: Called Strike
0-1: Called Strike
0-2: Ball
1-2: Ball
2-2: SINGLE (Line Drive, 56D)
Batting: RHB Nelson Castro 0-0: Ball
Luis Pérez is caught stealing 2nd base
Bottom of the 3rd over - 0 run(s), 1 hit(s), 0 error(s), 0 left on base; Salem 0 - Eau Claire 0
TOP OF THE 4TH
Salem Sledgehammers batting - Pitching for Eau Claire Esquires : RHP Arthur López
Batting: RHB Terry Perkins 0-0: Ball
1-0: Ball
2-0: Called Strike
2-1: SINGLE (Flyball, 9LS)
Batting: LHB Nathan Frey 0-0: Fly out, F6 (Popup, 6S)
Batting: RHB Robert Stevens 0-0: Ball
1-0: Called Strike
1-1: Ball
2-1: Foul Ball, location: 2F
2-2: Ball
3-2: Base on Balls
Terry Perkins to second
Batting: LHB Caleb Hall 0-0: Ground out 6-3 (Groundball, 6MS)
Terry Perkins to third
Robert Stevens to second
Batting: RHB Ryan Lyon 0-0: Called Strike
0-1: Swinging Strike
0-2: Ball
1-2: Ball
2-2: Foul Ball, location: 2F
2-2: Strikes out swinging
Top of the 4th over - 0 run(s), 1 hit(s), 0 error(s), 2 left on base; Salem 0 - Eau Claire 0
BOTTOM OF THE 4TH
Eau Claire Esquires batting - Pitching for Salem Sledgehammers : LHP Miguel Galván
Batting: RHB Nelson Castro 0-0: Called Strike
0-1: Ball
1-1: Foul Ball, location: 2F
1-2: Foul Ball, location: 2F
1-2: Hit by Pitch
Batting: RHB Jon Krohne 0-0: Ball
Nelson Castro is caught stealing 2nd base
1-0: Ball
2-0: SINGLE (Groundball, 6D)
Batting: RHB Félix Gonzáles 0-0: Ball
1-0: Ball
2-0: Grounds into double play, 5-4-3 (Groundball, 56)
Bottom of the 4th over - 0 run(s), 1 hit(s), 0 error(s), 0 left on base; Salem 0 - Eau Claire 0
TOP OF THE 5TH
Salem Sledgehammers batting - Pitching for Eau Claire Esquires : RHP Arthur López
Batting: RHB Miguel González 0-0: Ball
1-0: Ground out U3 (Groundball, 3L)
Batting: RHB José Vidal 0-0: Called Strike
0-1: Foul Ball, location: 2F
0-2: Foul Ball, location: 2F
0-2: Strikes out swinging
Batting: RHB José García 0-0: Foul Ball, location: 2F
0-1: Ball
1-1: Fly out, F7 (Flyball, 7M)
Top of the 5th over - 0 run(s), 0 hit(s), 0 error(s), 0 left on base; Salem 0 - Eau Claire 0
BOTTOM OF THE 5TH
Eau Claire Esquires batting - Pitching for Salem Sledgehammers : LHP Miguel Galván
Batting: SHB Manuel Hegnauer 0-0: Called Strike
0-1: Ball
1-1: Called Strike
1-2: Ball
2-2: Strikes out swinging
Batting: RHB Esteban Lara 0-0: Called Strike
0-1: Ball
1-1: Foul Ball, location: 2F
1-2: DOUBLE (Line Drive, 7LM)
Batting: SHB Jeff Chambers 0-0: Intentional Walk
Batting: LHB Miguel Arteaga 0-0: Ball
1-0: Foul Ball, location: 2F
1-1: Called Strike
Esteban Lara is caught stealing 3rd base
Jeff Chambers to second
1-2: Ball
2-2: Strikes out swinging
Bottom of the 5th over - 0 run(s), 1 hit(s), 0 error(s), 1 left on base; Salem 0 - Eau Claire 0
TOP OF THE 6TH
Salem Sledgehammers batting - Pitching for Eau Claire Esquires : RHP Arthur López
Batting: SHB Enrique Uribe 0-0: Ball
1-0: Called Strike
1-1: SINGLE (Line Drive, 78S)
Batting: RHB Terry Perkins 0-0: Called Strike
0-1: Fielders Choice at 2nd, 4-6 (Groundball, 34)
Batting: LHB Nathan Frey 0-0: Grounds into double play, 4-6-3 (Groundball, 34)
Top of the 6th over - 0 run(s), 1 hit(s), 0 error(s), 0 left on base; Salem 0 - Eau Claire 0
BOTTOM OF THE 6TH
Eau Claire Esquires batting - Pitching for Salem Sledgehammers : LHP Miguel Galván
Batting: LHB Pedro Díaz 0-0: Ball
1-0: Ground out 6-3 (Groundball, 6)
Batting: RHB Luis Pérez 0-0: Foul Ball, location: 2F
0-1: Called Strike
0-2: Strikes out swinging
Batting: RHB Nelson Castro 0-0: Reached on error, E6 (Groundball, 6)
Batting: RHB Jon Krohne 0-0: Called Strike
0-1: Ball
1-1: Ball
2-1: Foul Ball, location: 2F
2-2: Strikes out swinging
Bottom of the 6th over - 0 run(s), 0 hit(s), 1 error(s), 1 left on base; Salem 0 - Eau Claire 0
TOP OF THE 7TH
Salem Sledgehammers batting - Pitching for Eau Claire Esquires : RHP Arthur López
Batting: RHB Robert Stevens 0-0: Ball
1-0: Ball
2-0: Fly out, F8 (Flyball, 8LM)
Batting: LHB Caleb Hall 0-0: Called Strike
0-1: Fly out, F3 (Popup, 3F)
Batting: RHB Ryan Lyon 0-0: Fly out, F6 (Popup, 6MD)
Top of the 7th over - 0 run(s), 0 hit(s), 0 error(s), 0 left on base; Salem 0 - Eau Claire 0
BOTTOM OF THE 7TH
Eau Claire Esquires batting - Pitching for Salem Sledgehammers : LHP Miguel Galván
Batting: RHB Félix Gonzáles 0-0: Ball
1-0: Called Strike
1-1: Swinging Strike
1-2: Ball
2-2: Strikes out looking
Batting: SHB Manuel Hegnauer 0-0: Swinging Strike
0-1: Swinging Strike
0-2: Ball
1-2: Ball
2-2: Ball
3-2: Foul Ball, location: 2F
3-2: Foul Ball, location: 2F
3-2: Base on Balls
Pitching: LHP Allen Purss
Batting: RHB Esteban Lara 0-0: Ball
1-0: Called Strike
Manuel Hegnauer is caught stealing 2nd base
1-1: Ball
2-1: Swinging Strike
2-2: Strikes out swinging
Bottom of the 7th over - 0 run(s), 0 hit(s), 0 error(s), 0 left on base; Salem 0 - Eau Claire 0
TOP OF THE 8TH
Salem Sledgehammers batting - Pitching for Eau Claire Esquires : RHP Arthur López
Pitching: RHP Neil Birss
Pinch Hitting: LHB José Rivera 0-0: Called Strike
0-1: Ball
1-1: Foul Ball, location: 2F
1-2: Ground out U3 (Groundball, 3)
Pinch Hitting: RHB Luis Bustamante 0-0: Ball
1-0: Foul Ball, location: 2F
1-1: SOLO HOME RUN (Line Drive, 7D), Distance : 352 ft
Batting: RHB José García 0-0: Ball
1-0: Ball
2-0: Foul Ball, location: 2F
2-1: Swinging Strike
2-2: Foul Ball, location: 2F
2-2: Ball
3-2: Foul Ball, location: 2F
3-2: Foul Ball, location: 2F
3-2: Strikes out looking
Batting: SHB Enrique Uribe 0-0: Foul Ball, location: 2F
0-1: Swinging Strike
0-2: Ball
1-2: Ball
2-2: Strikes out swinging
Top of the 8th over - 1 run(s), 1 hit(s), 0 error(s), 0 left on base; Salem 1 - Eau Claire 0
BOTTOM OF THE 8TH
Eau Claire Esquires batting - Pitching for Salem Sledgehammers : LHP Allen Purss
Now at 1B: Patrick Daniels
Now at 2B: Bartolo Ruíz
Now at SS: Luis Bustamante
Batting: SHB Jeff Chambers 0-0: Ground out 6-3 (Groundball, 6)
Batting: LHB Miguel Arteaga 0-0: SINGLE (Groundball, 3S) (infield hit)
Pinch Runner at 1st Jason Stover:
Batting: LHB Pedro Díaz 0-0: Ball
1-0: Ball
2-0: Swinging Strike
2-1: Called Strike
2-2: Strikes out swinging
Pitching: RHP Isaac Pope
Pinch Hitting: LHB Jesús Bueno 0-0: Ball
1-0: Ball
2-0: Foul Ball, location: 2F
2-1: Ball
3-1: SINGLE (Groundball, 4MD)
Jason Stover to second
Throwing error, E8
Jason Stover scores
Jesús Bueno to second
Pinch Hitting: LHB José Martínez 0-0: SINGLE (Line Drive, 9LS)
Jesús Bueno to third
Runner from 3rd tries for Home, SAFE, no throw or cutoff
Batting: RHB Jon Krohne 0-0: Called Strike
0-1: Ball
1-1: Foul Ball, location: 2F
1-2: Ball
2-2: Ball
3-2: Ground out 5-3 (Groundball, 5)
Bottom of the 8th over - 2 run(s), 3 hit(s), 1 error(s), 1 left on base; Salem 1 - Eau Claire 2
TOP OF THE 9TH
Salem Sledgehammers batting - Pitching for Eau Claire Esquires : RHP Neil Birss
Pitching: LHP Tim Davidson
Now in LF: Jesús Bueno
Now in CF: Darren Ramsey
Now in RF: Jason Stover
Pinch Hitting: RHB Gilberto Silva 0-0: Swinging Strike
0-1: Ground out 1-3 (Groundball, 13)
Batting: LHB Nathan Frey 0-0: Ball
1-0: Ball
2-0: Foul Ball, location: 2F
2-1: Swinging Strike
2-2: Ball
3-2: SOLO HOME RUN (Flyball, 9D), Distance : 345 ft
Batting: RHB Robert Stevens 0-0: Ball
1-0: Ball
2-0: Ball
3-0: Called Strike
3-1: Base on Balls
Batting: LHB Caleb Hall 0-0: Ball
1-0: DOUBLE (Flyball, 9LM)
Robert Stevens to third
Batting: RHB Ryan Lyon 0-0: Ball
1-0: Foul Ball, location: 2F
1-1: Fly out, F8 (Line Drive, 8RS)
Batting: RHB Bartolo Ruíz 0-0: Called Strike
0-1: Ball
1-1: Ground out 5-3 (Groundball, 5S)
Top of the 9th over - 1 run(s), 2 hit(s), 0 error(s), 2 left on base; Salem 2 - Eau Claire 2
BOTTOM OF THE 9TH
Eau Claire Esquires batting - Pitching for Salem Sledgehammers : RHP Isaac Pope
Pitching: LHP Nick Johnson
Now at 1B: Gilberto Silva
Batting: RHB Félix Gonzáles 0-0: Swinging Strike
0-1: Foul Ball, location: 2F
0-2: Ball
1-2: Ground out 6-3 (Groundball, 56)
Batting: SHB Manuel Hegnauer 0-0: Ball
1-0: Ball
2-0: SINGLE (Line Drive, 9S)
Batting: RHB Esteban Lara 0-0: Foul Ball, location: 2F
0-1: Swinging Strike
0-2: Strikes out swinging
Pinch Hitting: RHB John Thomas 0-0: Foul Ball, location: 2F
0-1: Ball
1-1: Foul Ball, location: 2F
1-2: Foul Ball, location: 2F
1-2: Strikes out swinging
Bottom of the 9th over - 0 run(s), 1 hit(s), 0 error(s), 1 left on base; Salem 2 - Eau Claire 2
TOP OF THE 10TH
Salem Sledgehammers batting - Pitching for Eau Claire Esquires : LHP Tim Davidson
Now at 2B: José Ruíz
Batting: RHB Luis Bustamante 0-0: Ball
1-0: DOUBLE (Line Drive, 8LM)
Batting: RHB José García 0-0: Ball
1-0: Ground out 2-3 (Groundball, 25)
Luis Bustamante to third
Batting: SHB Enrique Uribe 0-0: Called Strike
0-1: Called Strike
0-2: Ball
1-2: Ball
2-2: Foul Ball, location: 2F
2-2: Ball
3-2: Base on Balls
Batting: RHB Gilberto Silva 0-0: Ball
1-0: Foul Ball, location: 2F
1-1: Fielders Choice at 2nd, U6 (Groundball, 6M)
Luis Bustamante scores
Batting: LHB Nathan Frey 0-0: Called Strike
0-1: Ball
1-1: Ball
2-1: Swinging Strike
2-2: Ball
3-2: Strikes out swinging
Top of the 10th over - 1 run(s), 1 hit(s), 0 error(s), 1 left on base; Salem 3 - Eau Claire 2
BOTTOM OF THE 10TH
Eau Claire Esquires batting - Pitching for Salem Sledgehammers : LHP Nick Johnson
Pinch Hitting: RHB Javier Reyes 0-0: Ball
1-0: Ball
2-0: Ball
3-0: Called Strike
3-1: SOLO HOME RUN (Flyball, 7LD), Distance : 312 ft
Batting: LHB Pedro Díaz 0-0: Swinging Strike
0-1: Ball
1-1: Ball
2-1: Ball
3-1: Foul Ball, location: 2F
3-2: Strikes out swinging
Batting: LHB Jesús Bueno 0-0: Swinging Strike
0-1: Ball
1-1: DOUBLE (Line Drive, 9LS)
Pinch Hitting: RHB Félix Trevino 0-0: Foul Ball, location: 2F
0-1: Foul Ball, location: 2F
0-2: Ball
1-2: Ground out 6-3 (Groundball, 6)
Batting: RHB Jon Krohne 0-0: Ball
1-0: Fly out, F9 (Flyball, 89S)
Bottom of the 10th over - 1 run(s), 2 hit(s), 0 error(s), 1 left on base; Salem 3 - Eau Claire 3
TOP OF THE 11TH
Salem Sledgehammers batting - Pitching for Eau Claire Esquires : LHP Tim Davidson
Pitching: RHP Lanzo D'Elia
Now at 2B: Javier Reyes
Batting: RHB Robert Stevens 0-0: Ball
Now at 2B: Glen French 1-0: Called Strike
1-1: Ball
2-1: SINGLE (Line Drive, 7LS)
Batting: LHB Caleb Hall 0-0: Ball
1-0: Fly out, F6 (Popup, 6M)
Batting: RHB Ryan Lyon 0-0: Ball
1-0: Called Strike
1-1: Ball
2-1: Swinging Strike
2-2: Strikes out looking
Batting: RHB Bartolo Ruíz 0-0: Ground out 5-3 (Groundball, 5)
Top of the 11th over - 0 run(s), 1 hit(s), 0 error(s), 1 left on base; Salem 3 - Eau Claire 3
BOTTOM OF THE 11TH
Eau Claire Esquires batting - Pitching for Salem Sledgehammers : LHP Nick Johnson
Pitching: RHP Josh Young
Batting: RHB Félix Gonzáles 0-0: Ball
1-0: Ball
2-0: SINGLE (Groundball, 6MD)
Batting: SHB Manuel Hegnauer 0-0: Called Strike
0-1: Ball
1-1: Ball
2-1: Foul Ball, location: 2F
2-2: Ball
3-2: Strikes out looking
Batting: RHB Esteban Lara 0-0: Grounds into double play, 5-4-3 (Groundball, 5L)
Bottom of the 11th over - 0 run(s), 1 hit(s), 0 error(s), 0 left on base; Salem 3 - Eau Claire 3
TOP OF THE 12TH
Salem Sledgehammers batting - Pitching for Eau Claire Esquires : RHP Lanzo D'Elia
Batting: RHB Luis Bustamante 0-0: Ground out 4-3 (Groundball, 4M)
Batting: RHB José García 0-0: Called Strike
0-1: Ball
1-1: Called Strike
1-2: Foul Ball, location: 2F
1-2: Strikes out swinging
Batting: SHB Enrique Uribe 0-0: Fly out, F9 (Flyball, 89M)
Top of the 12th over - 0 run(s), 0 hit(s), 0 error(s), 0 left on base; Salem 3 - Eau Claire 3
BOTTOM OF THE 12TH
Eau Claire Esquires batting - Pitching for Salem Sledgehammers : RHP Josh Young
Batting: RHB José Ruíz 0-0: Ball
1-0: Ball
2-0: Ball
3-0: Called Strike
3-1: DOUBLE (Line Drive, 78M)
Batting: RHB Javier Reyes 0-0: Called Strike
0-1: Foul Ball, location: 2F
0-2: Strikes out swinging
Batting: LHB Pedro Díaz 0-0: Foul Ball, location: 2F
0-1: Foul Ball, location: 2F
0-2: Ball
1-2: Ball
2-2: Ball
3-2: Foul Ball, location: 2F
3-2: Strikes out swinging
Batting: LHB Jesús Bueno 0-0: Intentional Walk
Pinch Hitting: RHB Fernando Castellanos 0-0: Called Strike
0-1: Foul Ball, location: 2F
0-2: Ball
1-2: Fly out, F9 (Flyball, 89S)
Bottom of the 12th over - 0 run(s), 1 hit(s), 0 error(s), 2 left on base; Salem 3 - Eau Claire 3
TOP OF THE 13TH
Salem Sledgehammers batting - Pitching for Eau Claire Esquires : RHP Lanzo D'Elia
Now at SS: Monty Crawford
Batting: RHB Gilberto Silva 0-0: Called Strike
0-1: Fly out, F8 (Flyball, 8LXD)
Batting: LHB Nathan Frey 0-0: Called Strike
0-1: Ball
1-1: Ball
2-1: Ball
3-1: Base on Balls
Batting: RHB Robert Stevens 0-0: Reached on error, E6 (Groundball, 56)
Nathan Frey to second
Batting: LHB Caleb Hall 0-0: Swinging Strike
0-1: Reached on error, E4 (Groundball, 4)
Nathan Frey to third
Robert Stevens to second
Batting: RHB Ryan Lyon 0-0: Ball
1-0: Foul Ball, location: 2F
1-1: Grounds into fielders choice 6-2 (Groundball, 6)
Robert Stevens to third
Caleb Hall to second
Batting: RHB Bartolo Ruíz 0-0: Ball
1-0: Called Strike
1-1: SINGLE (Line Drive, 9S)
Robert Stevens scores
Caleb Hall to third
Ryan Lyon to second
Batting: RHB Luis Bustamante 0-0: Ball
1-0: Foul Ball, location: 2F
1-1: Fly out, F7 (Flyball, 8LS)
Top of the 13th over - 1 run(s), 1 hit(s), 2 error(s), 3 left on base; Salem 4 - Eau Claire 3
BOTTOM OF THE 13TH
Eau Claire Esquires batting - Pitching for Salem Sledgehammers : RHP Josh Young
Batting: RHB Jon Krohne 0-0: Ball
1-0: Ball
2-0: Called Strike
2-1: Swinging Strike
2-2: Strikes out swinging
Batting: RHB Félix Gonzáles 0-0: Ball
1-0: Ball
2-0: Ball
3-0: Called Strike
3-1: Base on Balls
Batting: SHB Manuel Hegnauer 0-0: Ball
1-0: Ball
2-0: Ball
3-0: Called Strike
3-1: Fielders Choice at 2nd, 4-6 (Groundball, 34)
Batting: RHB Esteban Lara 0-0: Ball
1-0: Fly out, F7 (Flyball, 7D)
Bottom of the 13th over - 0 run(s), 0 hit(s), 0 error(s), 1 left on base; Salem 4 - Eau Claire 3
This league is powered by Out of the Park Baseball, the baseball management simulation game for PC, Mac and Linux
Tuesday, August 2nd, 2016 - OOTP Baseball 16.8 Build 38